NCAA
ARIZONA STATE SUN DEVILS @ FLORIDA STATE SEMINOLES
03/21/2060
 
TOP OF THE 1ST
Arizona State Sun Devils batting - Pitching for Florida State Seminoles : LHP Alexzander Billings
Pitching: LHP Alexzander Billings
Batting: RHB Brian Reser 0-0: Fly out, F8 (Line Drive, 8RM, EV 91.9 MPH)
Batting: RHB Tony Walker 0-0: Ball
1-0: SINGLE (Groundball, 6MD, EV 96.9 MPH)
Batting: RHB Joey Bryan 0-0: Called Strike
0-1: Foul Ball, location: 2F
0-2: Ball
1-2: Ball
2-2: Strikes out swinging
Batting: RHB Paul Johnson 0-0: Foul Ball, location: 2F
0-1: Foul Ball, location: 2F
0-2: Ball
1-2: Ball
2-2: Ball
3-2: SINGLE (Flyball, 56D, EV 97.5 MPH)
Tony Walker to second
Tony Walker to third
Batting: RHB Cole Lucas 0-0: Foul Ball, location: 2F
0-1: Fly out, F7 (Flyball, 7, EV 89.4 MPH)
Top of the 1st over - 0 runs, 2 hits, 0 errors, 2 left on base; Arizona State 0 - Florida State 0
BOTTOM OF THE 1ST
Florida State Seminoles batting - Pitching for Arizona State Sun Devils : RHP Taylor Kneeland
Pitching: RHP Taylor Kneeland
Batting: RHB Bailey Bagwell 0-0: Ball
1-0: Foul Ball, location: 2F
1-1: Ground out 4-3 (Groundball, 4, EV 79.4 MPH)
Batting: LHB Dalton McHale 0-0: Ball
1-0: Swinging Strike
1-1: Ball
2-1: Foul Ball, location: 2F
2-2: Fly out, F7 (Flyball, 78S, EV 93.8 MPH)
Batting: RHB Mason Camillo 0-0: Called Strike
0-1: Ball
1-1: Ground out 6-3 (Groundball, 6, EV 85.0 MPH)
Bottom of the 1st over - 0 runs, 0 hits, 0 errors, 0 left on base; Arizona State 0 - Florida State 0
TOP OF THE 2ND
Arizona State Sun Devils batting - Pitching for Florida State Seminoles : LHP Alexzander Billings
Batting: RHB DaVaris Sandalls 0-0: Ball
1-0: Foul Ball, location: 2F
1-1: Foul Ball, location: 2F
1-2: SOLO HOME RUN (Line Drive, 7LD, EV 97.5 MPH), Distance : 364 ft
Batting: RHB Brian Yensen 0-0: Fly out, F7 (Line Drive, 7, EV 93.1 MPH)
Batting: RHB Vince Beach 0-0: Swinging Strike
0-1: Ball
1-1: Swinging Strike
1-2: Strikes out swinging
Batting: LHB Dallas Mayer 0-0: Ball
1-0: Ball
2-0: Ball
3-0: Foul Ball, location: 2F
3-1: Base on Balls
Batting: RHB Brian Reser 0-0: Fly out, F8 (Flyball, 89D, EV 110.0 MPH)
Top of the 2nd over - 1 run, 1 hit, 0 errors, 1 left on base; Arizona State 1 - Florida State 0
BOTTOM OF THE 2ND
Florida State Seminoles batting - Pitching for Arizona State Sun Devils : RHP Taylor Kneeland
Batting: RHB Blake Struth 0-0: Ball
1-0: Ball
2-0: Called Strike
2-1: Foul Ball, location: 2F
2-2: Ground out 5-3 (Groundball, 56S, EV 83.8 MPH)
Batting: RHB Drew Waters 0-0: Ground out 4-3 (Groundball, 4, EV 94.4 MPH)
Batting: RHB Charlie Lowe 0-0: SINGLE (Flyball, 8LS, EV 93.8 MPH)
Batting: RHB Samuel Robb 0-0: Swinging Strike
0-1: Foul Ball, location: 2F
0-2: Ball
1-2: Ball
Wild Pitch!
Charlie Lowe to second
2-2: Foul Ball, location: 2F
2-2: Ball
3-2: Base on Balls
Batting: LHB Garett Thomas 0-0: Ball
1-0: SINGLE (Line Drive, 7S, EV 98.8 MPH)
Charlie Lowe to third
Samuel Robb to second
Batting: LHB Lamar Wilson 0-0: Called Strike
0-1: Ball
1-1: Ball
2-1: Ball
3-1: SINGLE (Line Drive, 56, EV 105.0 MPH)
Charlie Lowe scores
Samuel Robb to third
Garett Thomas to second
Batting: RHB Bailey Bagwell 0-0: Fielders Choice at 2nd, 6-4 (Groundball, 56, EV 80.0 MPH)
Bottom of the 2nd over - 1 run, 3 hits, 0 errors, 3 left on base; Arizona State 1 - Florida State 1
TOP OF THE 3RD
Arizona State Sun Devils batting - Pitching for Florida State Seminoles : LHP Alexzander Billings
Batting: RHB Tony Walker 0-0: Ball
1-0: Called Strike
1-1: Ball
2-1: Fly out, F8 (Flyball, 8RD, EV 96.2 MPH)
Batting: RHB Joey Bryan 0-0: Swinging Strike
0-1: Ground out 5-3 (Groundball, 5D, EV 76.9 MPH)
Batting: RHB Paul Johnson 0-0: Ball
1-0: Called Strike
1-1: Ball
2-1: SINGLE (Groundball, 6MD, EV 95.6 MPH)
Batting: RHB Cole Lucas 0-0: Called Strike
0-1: Called Strike
0-2: Ball
1-2: Foul Ball, location: 2F
1-2: Foul Ball, location: 2F
1-2: Foul Ball, location: 2F
1-2: SINGLE (Groundball, 56D, EV 110.0 MPH)
Paul Johnson to second
Batting: RHB DaVaris Sandalls 0-0: Ball
1-0: Ball
2-0: Ball
3-0: Called Strike
3-1: Fly out, F9 (Flyball, 9D, EV 73.1 MPH)
Top of the 3rd over - 0 runs, 2 hits, 0 errors, 2 left on base; Arizona State 1 - Florida State 1
BOTTOM OF THE 3RD
Florida State Seminoles batting - Pitching for Arizona State Sun Devils : RHP Taylor Kneeland
Batting: LHB Dalton McHale 0-0: Ball
1-0: Foul Ball, location: 2F
1-1: Ground out 3-1 (Groundball, 13, EV 86.2 MPH)
Batting: RHB Mason Camillo 0-0: Called Strike
0-1: Swinging Strike
0-2: Strikes out looking
Batting: RHB Blake Struth 0-0: Ball
1-0: Foul Ball, location: 2F
1-1: Ball
2-1: Foul Ball, location: 2F
2-2: Ball
3-2: Foul Ball, location: 2F
3-2: Strikes out swinging
Bottom of the 3rd over - 0 runs, 0 hits, 0 errors, 0 left on base; Arizona State 1 - Florida State 1
TOP OF THE 4TH
Arizona State Sun Devils batting - Pitching for Florida State Seminoles : LHP Alexzander Billings
Batting: RHB Brian Yensen 0-0: Called Strike
0-1: Called Strike
0-2: Strikes out swinging
Batting: RHB Vince Beach 0-0: Ball
1-0: Called Strike
1-1: Foul Ball, location: 2F
1-2: Ball
2-2: SINGLE (Flyball, 8LS, EV 93.8 MPH)
Batting: LHB Dallas Mayer 0-0: Called Strike
0-1: Fielders Choice at 2nd, 6-4 (Groundball, 6, EV 97.5 MPH)
Batting: RHB Brian Reser 0-0: Ball
1-0: Fly out, F8 (Flyball, 8LM, EV 90.6 MPH)
Top of the 4th over - 0 runs, 1 hit, 0 errors, 1 left on base; Arizona State 1 - Florida State 1
BOTTOM OF THE 4TH
Florida State Seminoles batting - Pitching for Arizona State Sun Devils : RHP Taylor Kneeland
Batting: RHB Drew Waters 0-0: Called Strike
0-1: Ball
1-1: Ball
2-1: Ball
3-1: Base on Balls
Batting: RHB Charlie Lowe 0-0: Ball
1-0: Ball
2-0: Ball
3-0: Called Strike
3-1: Foul Ball, location: 2F
3-2: Foul Ball, location: 2F
3-2: SINGLE (Groundball, 4MD, EV 100.6 MPH)
Drew Waters to second
Drew Waters to third
Batting: RHB Samuel Robb 0-0: Foul Ball, location: 2F
0-1: Called Strike
0-2: Ball
1-2: Grounds into double play, 6-4-3 (Groundball, 6M, EV 86.9 MPH)
Drew Waters scores
Batting: LHB Garett Thomas 0-0: SINGLE (Groundball, 4MD, EV 98.1 MPH)
Batting: LHB Lamar Wilson 0-0: Called Strike
0-1: Swinging Strike
0-2: Ball
1-2: Fly out, F8 (Line Drive, 8LD, EV 95.6 MPH)
Bottom of the 4th over - 1 run, 2 hits, 0 errors, 1 left on base; Arizona State 1 - Florida State 2
TOP OF THE 5TH
Arizona State Sun Devils batting - Pitching for Florida State Seminoles : LHP Alexzander Billings
Batting: RHB Tony Walker 0-0: Swinging Strike
0-1: Ball
1-1: Called Strike
1-2: Foul Ball, location: 2F
1-2: Strikes out swinging, 2-3 out at first.
Batting: RHB Joey Bryan 0-0: Ball
1-0: Ball
2-0: Foul Ball, location: 2F
2-1: Swinging Strike
2-2: Foul Ball, location: 2F
2-2: Strikes out swinging
Batting: RHB Paul Johnson 0-0: Foul Ball, location: 2F
0-1: SINGLE (Groundball, 6MS, EV 66.9 MPH) (infield hit)
Batting: RHB Cole Lucas 0-0: Swinging Strike
0-1: Foul Ball, location: 2F
0-2: Ball
1-2: Foul Ball, location: 2F
1-2: Ball
2-2: Foul Ball, location: 2F
2-2: Foul Ball, location: 2F
2-2: Strikes out looking
Top of the 5th over - 0 runs, 1 hit, 0 errors, 1 left on base; Arizona State 1 - Florida State 2
BOTTOM OF THE 5TH
Florida State Seminoles batting - Pitching for Arizona State Sun Devils : RHP Taylor Kneeland
Batting: RHB Bailey Bagwell 0-0: Ball
1-0: Ball
2-0: Foul Ball, location: 2F
2-1: Called Strike
2-2: Strikes out swinging
Batting: LHB Dalton McHale 0-0: Ball
1-0: Ball
2-0: Called Strike
2-1: Foul Ball, location: 2F
2-2: Ball
3-2: SOLO HOME RUN (Flyball, 9D, EV 98.1 MPH), Distance : 386 ft
Batting: RHB Mason Camillo 0-0: Ball
1-0: Ball
2-0: Called Strike
2-1: Ball
3-1: Swinging Strike
3-2: Foul Ball, location: 2F
3-2: Foul Ball, location: 2F
3-2: SOLO HOME RUN (Flyball, 9D, EV 97.5 MPH), Distance : 367 ft
Pitching: RHP Damarco Strickland
Batting: RHB Blake Struth 0-0: Called Strike
0-1: Called Strike
0-2: Strikes out swinging
Batting: RHB Drew Waters 0-0: Swinging Strike
0-1: Foul Ball, location: 2F
0-2: Strikes out looking
Bottom of the 5th over - 2 runs, 2 hits, 0 errors, 0 left on base; Arizona State 1 - Florida State 4
TOP OF THE 6TH
Arizona State Sun Devils batting - Pitching for Florida State Seminoles : LHP Alexzander Billings
Pitching: RHP Camden Powell
Batting: RHB DaVaris Sandalls 0-0: Ball
1-0: SINGLE (Line Drive, 7S, EV 97.5 MPH)
Batting: RHB Brian Yensen 0-0: Fielders Choice at 2nd, 1-4 (Groundball, P, EV 61.9 MPH)
Batting: RHB Vince Beach 0-0: Ball
Brian Yensen steals 2nd base
1-0: Ball
2-0: Called Strike
2-1: Foul Ball, location: 2F
2-2: Ground out 4-3 (Groundball, 4, EV 104.4 MPH)
Brian Yensen to third
Batting: LHB Dallas Mayer 0-0: Foul Ball, location: 2F
0-1: Ball
1-1: Ball
2-1: Swinging Strike
2-2: Ball
3-2: Strikes out looking
Top of the 6th over - 0 runs, 1 hit, 0 errors, 1 left on base; Arizona State 1 - Florida State 4
BOTTOM OF THE 6TH
Florida State Seminoles batting - Pitching for Arizona State Sun Devils : RHP Damarco Strickland
Batting: RHB Charlie Lowe 0-0: Called Strike
0-1: Ball
1-1: DOUBLE (Line Drive, 78M, EV 95.6 MPH)
Batting: RHB Samuel Robb 0-0: Called Strike
0-1: Called Strike
0-2: Ball
1-2: Foul Ball, location: 2F
1-2: Fly out, F9 (Flyball, 89M, EV 91.2 MPH)
Batting: LHB Garett Thomas 0-0: Ball
1-0: Swinging Strike
1-1: Called Strike
1-2: Foul Ball, location: 2F
1-2: Strikes out swinging
Batting: LHB Lamar Wilson 0-0: Ball
1-0: Ground out 4-3 (Groundball, 4, EV 90.6 MPH)
Bottom of the 6th over - 0 runs, 1 hit, 0 errors, 1 left on base; Arizona State 1 - Florida State 4
TOP OF THE 7TH
Arizona State Sun Devils batting - Pitching for Florida State Seminoles : RHP Camden Powell
Batting: RHB Brian Reser 0-0: Called Strike
0-1: Ball
1-1: Called Strike
1-2: Ball
2-2: DOUBLE (Flyball, 89XD, EV 97.5 MPH)
Batting: RHB Tony Walker 0-0: Ball
1-0: Swinging Strike
1-1: Called Strike
1-2: Fly out, F7 (Flyball, 7D, EV 93.8 MPH)
Runner from 2nd tags up, SAFE at 3rd, no throw by LF
Batting: RHB Joey Bryan 0-0: Ball
1-0: Foul Ball, location: 2F
1-1: Foul Ball, location: 2F
1-2: Ground out 5-3 (Groundball, 56, EV 82.5 MPH)
Brian Reser scores
Batting: RHB Paul Johnson 0-0: Called Strike
0-1: Foul Ball, location: 2F
0-2: Strikes out swinging
Top of the 7th over - 1 run, 1 hit, 0 errors, 0 left on base; Arizona State 2 - Florida State 4
BOTTOM OF THE 7TH
Florida State Seminoles batting - Pitching for Arizona State Sun Devils : RHP Damarco Strickland
Batting: RHB Bailey Bagwell 0-0: Ball
1-0: Ball
2-0: Ground out 6-3 (Groundball, 6, EV 104.4 MPH)
Batting: LHB Dalton McHale 0-0: Ball
1-0: Ball
2-0: Foul Ball, location: 2F
2-1: Fly out, F8 (Flyball, 8LXD, EV 101.9 MPH)
Batting: RHB Mason Camillo 0-0: SINGLE (Groundball, 34D, EV 98.8 MPH)
Batting: RHB Blake Struth 0-0: Ball
1-0: Fly out, F6 (Popup, 4MD, EV 48.8 MPH)
Bottom of the 7th over - 0 runs, 1 hit, 0 errors, 1 left on base; Arizona State 2 - Florida State 4
TOP OF THE 8TH
Arizona State Sun Devils batting - Pitching for Florida State Seminoles : RHP Camden Powell
Batting: RHB Cole Lucas 0-0: Called Strike
0-1: Ground out 6-3 (Groundball, 6, EV 80.6 MPH)
Batting: RHB DaVaris Sandalls 0-0: Ball
1-0: SINGLE (Line Drive, 7S, EV 107.5 MPH)
Pinch Hitting: LHB Quinton Eickenhorst 0-0: Foul Ball, location: 2F
0-1: Ball
1-1: Ball
2-1: Foul Ball, location: 2F
2-2: Ball
3-2: Base on Balls
DaVaris Sandalls to second
Pitching: RHP Caleb Schier
Batting: RHB Vince Beach 0-0: Ball
1-0: Ball
2-0: Foul Ball, location: 2F
2-1: Swinging Strike
2-2: Fielders Choice at 2nd, 6-4 (Groundball, 56, EV 109.4 MPH)
DaVaris Sandalls to third
Batting: LHB Dallas Mayer 0-0: Ball
1-0: Ground out 4-3 (Groundball, 4, EV 99.4 MPH)
Top of the 8th over - 0 runs, 1 hit, 0 errors, 2 left on base; Arizona State 2 - Florida State 4
BOTTOM OF THE 8TH
Florida State Seminoles batting - Pitching for Arizona State Sun Devils : RHP Damarco Strickland
Now at 2B: Max Dokter
Now at SS: Vince Beach
Batting: RHB Drew Waters 0-0: Swinging Strike
0-1: Ball
1-1: Ball
2-1: Ball
3-1: Called Strike
3-2: Strikes out swinging
Batting: RHB Charlie Lowe 0-0: Foul Ball, location: 2F
0-1: Foul Ball, location: 2F
0-2: Ball
1-2: Foul Ball, location: 2F
1-2: Ball
2-2: Fly out, F9 (Flyball, 9S, EV 94.4 MPH)
Batting: RHB Samuel Robb 0-0: Ground out 6-3 (Groundball, 6, EV 86.9 MPH)
Bottom of the 8th over - 0 runs, 0 hits, 0 errors, 0 left on base; Arizona State 2 - Florida State 4
TOP OF THE 9TH
Arizona State Sun Devils batting - Pitching for Florida State Seminoles : RHP Caleb Schier
Pitching: LHP Gary Brothers
Batting: RHB Brian Reser 0-0: Ball
1-0: Foul Ball, location: 2F
1-1: Swinging Strike
1-2: Ball
2-2: Ball
3-2: Foul Ball, location: 2F
3-2: Foul Ball, location: 2F
3-2: Strikes out swinging
Batting: RHB Tony Walker 0-0: Called Strike
0-1: Swinging Strike
0-2: Ball
1-2: Ball
2-2: Strikes out swinging
Batting: RHB Joey Bryan 0-0: Ball
1-0: Foul Ball, location: 2F
1-1: Ball
2-1: Swinging Strike
2-2: Ground out 6-3 (Groundball, 6M, EV 81.9 MPH)
Top of the 9th over - 0 runs, 0 hits, 0 errors, 0 left on base; Arizona State 2 - Florida State 4
Wednesday, April 17th , 2024 - OOTP Baseball 23.10 Build 110